Elf 1, chaotic male elven Wizard ------ |....-########### ---------- |....| # ---------- |........| ----- |....-#_@######## |........| #+....^..(| |...| -.---- # |.........#######|........| |...| # # ##`|........|#######...`.....| #-...| # ################.........| |........| ###|....# # ### #-------|-- --------.- # |...|# ### # ################# ########-----# # ### ### # # # # ---|--- # # # # ### # |.....| ## ### # # # |.....-#### --.------------- # # ### # |....<| # |..............| ############ # # # ----- ------- #%#|............%..########################-.----# ####...^| #..`............| |....|# # |...| ---------------- |.....# ##+...| |....| |...| ------ ---+- Elf 1 the Conjurer Experience level: 3 Strength: 8 Dexterity: 9 Constitution: 12 Intelligence: 17 Wisdom: 13 Charisma: 14 Health: 18(23) Energy: 53(53) Def: 1 Gold: 109 Moves: 930 Dungeon seed: BSM7Y52U2b0BWy9R Game ID: Elf 1_1529639003 Your Inventory: Coins $ - 109 gold pieces Weapons a - a blessed burnt +1 quarterstaff (weapon in hands) Armor e - an uncursed +0 cloak of magic resistance (being worn) Scrolls i - an uncursed scroll of food detection j - a blessed scroll of remove curse k - an uncursed scroll of confuse monster Spellbooks l - a blessed spellbook of force bolt Potions f - an uncursed potion of fruit juice g - a blessed potion of blindness h - an uncursed potion of blindness Rings c - an uncursed +1 ring of protection d - an uncursed ring of shock resistance Wands b - a wand of make invisible (0:5) Tools n - a magic marker (0:65) o - an uncursed bell Spells and supernatural/magical abilities: Name Level Category Fail Memory a - force bolt 1 attack 0% 96% x - extra healing 3 healing 93% 96% W - pray for help -- divine ? -- Your skills at the end: Fighting Skills Weapon Skills quarterstaff [Basic] Spellcasting Skills attack spells [Basic] enchantment spells [Basic] Final Attributes: You were piously aligned. You were magic-protected. You had infravision. You were very unlucky. Anhur was angry with you. You are dead. Vanquished creatures: a kitten 2 coyotes 3 jackals a fox a goblin 5 grid bugs 2 kobold zombies 2 newts 17 creatures vanquished. Voluntary challenges: You went without food. You used a wielded weapon 9 times, starting on turn 15. You were illiterate. You never genocided any monsters. You never polymorphed an object. You never changed form. You used no wishes. You never split a pudding. You never wrote Elbereth's name. You violated your moral code, losing 15 points of alignment, starting on turn 21. Dungeon overview: The Dungeons of Doom: Level 1 <- You were here a long staircase History has recorded: On T:1 you entered the Dungeons of Doom to retrieve the Amulet of Yendor! On T:21 you advanced to experience level 2. On T:826 you advanced to experience level 3. Score breakdown: Gold: 109 ( 6944 points) Experience: 3 levels ( 7878 points) Exploration: 1 level ( 2.13%) ( 0 points) Discoveries: 0 items ( 0.00%) ( 0 points) Valuables value: (no points given unless you survive) Artifact value: 0 ( 0 points) Variety of kills: 8 monsters ( 2.10%) ( 4347 points) Turncount: 930 turns ( 0 points) Survival: died (score multiplied by 80%) Total score: 15335 Latest messages: You see here a heavy iron ball (chained to you). With great effort you move the boulder. You miss the coyote. The coyote bites! You miss the coyote. The coyote bites! (2x) You miss the coyote. The coyote bites! (3x) The spell hits the coyote! You kill the coyote! The spell hits the coyote! You kill the coyote! You see here a heavy iron ball (chained to you). You faint from lack of food. You come to. You begin praying to Anhur. The voice of Anhur booms out: "Thou hast angered me." Suddenly, a bolt of lightning strikes you! You fry to a crisp. Final status: Goodbye Elf 1 the Wizard, killed by the wrath of Anhur... You died in The Dungeons of Doom on dungeon level 1 with 15335 points, and 109 pieces of gold, after 930 moves. You were level 3 with a maximum of 23 hit points when you died.